[Event "Titled Tuesday Blitz August 10 2021"]
[White "Bologan, Victor"]
[Black "Ibarra Jerez, Jose Carlos"]
[WhiteFideId "13900048"]
[BlackFideId "2226332"]
[WhiteElo "2511"]
[BlackElo "2602"]
[Result "1-0"]
[Round "06"]
[TimeControl "180+1"]
[Date "2021.08.10"]
[WhiteClock "0:01:20"]
[BlackClock "0:00:36"]

1. e4 c5 2. Nf3 e6 3. d3 Nc6 4. g3 g6 5. Bg2 Bg7 6. O-O Nge7 7. c3 d5 8. Qe2 h6 9. h4 O-O 10. e5 b6 11. Bf4 a5 12. a4 Ba6 13. Na3 Qd7 14. Rfe1 Rac8 15. Nb5 Rcd8 16. Qd2 Kh7 17. Kh2 d4 18. c4 Nb4 19. Rh1 Bb7 20. Nd6 Bc6 21. b3 Nf5 22. Ne4 Bxe4 23. dxe4 Ne7 24. h5 g5 25. Bxg5 hxg5 26. Nxg5+ Kg8 27. h6 Bxe5 28. Nf3 Ng6 29. Nxe5 Nxe5 30. Qg5+ Ng6 31. Qf6 1-0


[Site "https://www.chess.com"]

[Event "Titled Tuesday Blitz August 10 2021"]
[White "Dang, Hoang Son"]
[Black "Moussard, Jules"]
[WhiteFideId "12402435"]
[BlackFideId "642908"]
[WhiteElo "2248"]
[BlackElo "2644"]
[Result "0-1"]
[Round "06"]
[TimeControl "180+1"]
[Date "2021.08.10"]
[WhiteClock "0:00:05"]
[BlackClock "0:00:31"]

1. d4 f5 2. g3 Nf6 3. Bg2 g6 4. c3 Bg7 5. Nh3 e6 6. Nf4 O-O 7. h4 Ng4 8. e4 Qe7 9. Bf3 d6 10. Bxg4 fxg4 11. Qxg4 e5 12. Nd5 Qf7 13. Qe2 exd4 14. Bg5 Nc6 15. h5 gxh5 16. f4 Bg4 17. Qc4 Rae8 18. Nd2 h6 19. Bh4 Ne5 20. Qxc7 Nf3+ 21. Nxf3 Rxe4+ 22. Kf2 Qxd5 23. Rhe1 d3 24. Rxe4 Qxe4 25. Ng1 d2 26. Qxd6 Qc2 27. Qd5+ Kh8 28. Ne2 Bxe2 0-1


[Site "https://www.chess.com"]

[Event "Titled Tuesday Blitz August 10 2021"]
[White "Fawzy, Adham"]
[Black "Pichot, Alan"]
[WhiteFideId "10613129"]
[BlackFideId "110973"]
[WhiteElo "2480"]
[BlackElo "2622"]
[Result "1-0"]
[Round "06"]
[TimeControl "180+1"]
[Date "2021.08.10"]
[WhiteClock "0:00:21"]
[BlackClock "0:00:01"]

1. e4 c5 2. c4 Nc6 3. Nc3 Nf6 4. Nge2 e5 5. g3 g6 6. Bg2 Bg7 7. O-O O-O 8. d3 d6 9. a3 Rb8 10. Rb1 a6 11. b4 cxb4 12. axb4 b5 13. cxb5 axb5 14. h3 Be6 15. Be3 Qd7 16. Kh2 d5 17. Bc5 Rfd8 18. exd5 Nxd5 19. Ne4 h6 20. f4 exf4 21. Nxf4 Nxf4 22. Rxf4 Bd5 23. Rf6 Qc7 24. Bd6 Rxd6 25. Rxd6 Bxe4 26. dxe4 Be5 27. Rd7 Bxg3+ 28. Kh1 Qf4 29. Qd5 Ne5 30. Rf1 Nxd7 31. Rxf4 Bxf4 32. Qxd7 Ra8 33. Qxb5 Ra1+ 34. Bf1 Kg7 35. Qc4 Be5 36. b5 Rb1 37. Kg2 g5 38. Be2 Rb2 39. Kf3 h5 40. Qc5 f6 41. Qe7+ Kg6 42. Bc4 g4+ 43. hxg4 h4 44. Qe8+ Kh6 45. Qh5+ Kg7 46. g5 Rc2 47. Qh6# 1-0


[Site "https://www.chess.com"]

[Event "Titled Tuesday Blitz August 10 2021"]
[White "Grischuk, Alexander"]
[Black "Terry, Renato"]
[WhiteFideId "4126025"]
[BlackFideId "3803457"]
[WhiteElo "2777"]
[BlackElo "2581"]
[Result "1-0"]
[Round "06"]
[TimeControl "180+1"]
[Date "2021.08.10"]
[WhiteClock "0:00:06"]
[BlackClock "0:00:02"]

1. e4 g6 2. d4 Bg7 3. Nf3 d6 4. Bd3 e6 5. O-O Ne7 6. Re1 Nd7 7. c3 b6 8. a4 a6 9. Nbd2 Bb7 10. Nf1 O-O 11. Ng3 e5 12. h3 exd4 13. cxd4 c5 14. d5 Qc7 15. Bg5 Rfe8 16. b3 Kh8 17. Rc1 Ng8 18. Nd2 h6 19. Be3 Re7 20. f4 Rae8 21. Bf2 Ngf6 22. Qf3 h5 23. Ne2 Nh7 24. Bh4 Bf6 25. Bxf6+ Ndxf6 26. Rf1 Bxd5 27. Nc3 Bb7 28. Qg3 d5 29. e5 d4 30. Nce4 Nxe4 31. Bxe4 Bxe4 32. Nxe4 Qc6 33. Nd6 Rg8 34. Qd3 Qd5 35. b4 f6 36. Qxa6 d3 37. bxc5 bxc5 38. Rcd1 Qd4+ 39. Kh1 fxe5 40. Rxd3 Qb4 41. fxe5 Ng5 42. Rg3 Ne6 43. Rf6 Qe1+ 44. Rf1 Qxe5 45. Rgf3 Kh7 46. Rf7+ Rxf7 47. Nxf7 1-0


[Site "https://www.chess.com"]

[Event "Titled Tuesday Blitz August 10 2021"]
[White "Gupta, Abhijeet"]
[Black "Sevian, Samuel"]
[WhiteFideId "5010608"]
[BlackFideId "2040506"]
[WhiteElo "2549"]
[BlackElo "2981"]
[Result "1/2-1/2"]
[Round "06"]
[TimeControl "180+1"]
[Date "2021.08.10"]
[WhiteClock "0:00:08"]
[BlackClock "0:00:06"]

1. d4 Nf6 2. c4 e5 3. dxe5 Ng4 4. Bf4 g5 5. Bd2 Nxe5 6. Bc3 Bg7 7. e3 O-O 8. Nd2 Nbc6 9. Be2 d6 10. Rc1 Re8 11. Ngf3 a5 12. O-O h6 13. b3 Bf5 14. Nd4 Bg6 15. Nxc6 Nxc6 16. Bf3 Bxc3 17. Rxc3 Qf6 18. Rc1 Nb4 19. Bxb7 Ra7 20. Bf3 Nxa2 21. Ra1 Nc3 22. Qc1 h5 23. h3 Kg7 24. b4 a4 25. Ra3 Ne4 26. Nxe4 Bxe4 27. Bxh5 Qh6 28. Qc3+ f6 29. Bxe8 Ra8 30. Bxa4 g4 31. Qd4 Bxg2 32. Qxg4+ Kh8 33. Qxg2 Rg8 34. Bc6 Rxg2+ 35. Bxg2 Qh4 36. Ra8+ Kg7 37. Rc1 f5 38. Ra7 f4 39. Rxc7+ Kh6 40. exf4 Qxf4 41. Rd1 d5 42. cxd5 Qxc7 43. d6 Qc2 44. Rd4 Qc1+ 45. Kh2 Qb2 46. Rh4+ Kg7 47. Rg4+ Kf6 48. d7 Ke7 49. Re4+ Kxd7 50. Kg3 Qg7+ 51. Rg4 Qe5+ 52. Rf4 Qg5+ 53. Rg4 Qe5+ 54. f4 Qc3+ 55. Bf3 Qxb4 56. Rg5 Qe1+ 57. Kg4 Qg1+ 58. Kf5 Qc5+ 59. Kg4 Qg1+ 60. Kh5 Qf1 61. Bg4+ Ke7 62. f5 Qf4 63. h4 Kf7 64. Rg6 Qb8 65. Kg5 Qd8+ 66. Kh5 Qh8+ 67. Kg5 Qd8+ 68. Kh5 Qh8+ 69. Rh6 Qe8 70. Re6 Qh8+ 71. Kg5 Qg7+ 72. Rg6 Qe5 73. Bh5 Qe3+ 74. Kg4 Qe2+ 75. Kg5 Qe3+ 76. Kg4 Qe2+ 77. Kg5 Qd2+ 78. Kg4 Qd4+ 79. Kg5 Qd2+ 80. Kg4 Qd1+ 81. Kg5 Qc1+ 82. Kg4 Kf8 83. Re6 Qg1+ 84. Kf4 Qc1+ 85. Kg4 Qg1+ 86. Kf4 Qc1+ 87. Kg4 1/2-1/2


[Site "https://www.chess.com"]

[Event "Titled Tuesday Blitz August 10 2021"]
[White "Ibrahimli, Murad"]
[Black "Laxman, R.R."]
[WhiteFideId "13410229"]
[BlackFideId "5005361"]
[WhiteElo "2109"]
[BlackElo "2476"]
[Result "1-0"]
[Round "06"]
[TimeControl "180+1"]
[Date "2021.08.10"]
[WhiteClock "0:00:07"]
[BlackClock "0:00:02"]

1. d4 Nf6 2. c4 e6 3. Nf3 b6 4. a3 Bb7 5. Nc3 d5 6. Bg5 Be7 7. Qa4+ Bc6 8. Qb3 dxc4 9. Qxc4 O-O 10. Bxf6 Bxf6 11. e4 Bb7 12. Rd1 Nd7 13. e5 Be7 14. Bd3 a6 15. Be4 b5 16. Qe2 Bxe4 17. Nxe4 c5 18. d5 exd5 19. Rxd5 Qc7 20. O-O Nb6 21. Rdd1 Rad8 22. g3 c4 23. Nc3 Bc5 24. Qe4 Qe7 25. Kg2 h6 26. h4 Qe6 27. h5 Rfe8 28. Qb7 Qc8 29. Qxc8 Rxc8 30. Rd2 Rcd8 31. Rfd1 Rxd2 32. Rxd2 Kf8 33. Ne4 Be7 34. Ne1 Rc8 35. Nc3 Ke8 36. f4 f6 37. Nf3 fxe5 38. fxe5 Rd8 39. Rxd8+ Kxd8 40. Kf2 Kd7 41. Ke3 Ke6 42. Ke4 Bc5 43. g4 Nd7 44. Ne2 Nb6 45. Nf4+ Kd7 46. e6+ Kd6 47. Ne5 Na4 48. Nf7+ Ke7 49. Kd5 c3 50. Ng6+ Ke8 51. bxc3 Bxa3 52. Kc6 Nxc3 53. Nfe5 Ne4 54. Nf4 Ng5 55. Kd5 b4 56. Nc4 Bc1 57. Nd3 Ba3 58. Nd6+ Ke7 59. Nf5+ Ke8 60. Nc5 Nh7 61. Nxg7+ Kf8 62. Nf5 Nf6+ 63. Kc6 b3 64. Nxb3 Nxg4 65. Na5 Nf6 66. Nb7 Ke8 67. Nbd6+ Bxd6 68. Kxd6 Nxh5 69. e7 Nf6 70. Ke6 Nh5 71. Nd6# 1-0


[Site "https://www.chess.com"]

[Event "Titled Tuesday Blitz August 10 2021"]
[White "Kezin, Roman"]
[Black "Weetik, Vjacheslav"]
[WhiteFideId "24124621"]
[BlackFideId "4153472"]
[WhiteElo "2570"]
[BlackElo "2469"]
[Result "0-1"]
[Round "06"]
[TimeControl "180+1"]
[Date "2021.08.10"]
[WhiteClock "0:00:03"]
[BlackClock "0:00:10"]

1. b4 d5 2. Bb2 Bg4 3. Nf3 Bxf3 4. exf3 Nd7 5. f4 Ngf6 6. a3 g6 7. g3 Bg7 8. Bg2 O-O 9. O-O e6 10. d3 Ne8 11. Bxg7 Nxg7 12. c4 c6 13. Nc3 Nf5 14. Ne2 Qf6 15. Qd2 Rfd8 16. c5 Nd4 17. Rab1 a5 18. Nxd4 Qxd4 19. Qe3 Qxe3 20. fxe3 axb4 21. axb4 Ra3 22. Rfd1 Rda8 23. Rd2 Rc3 24. Bf3 Raa3 25. Be2 b6 26. d4 b5 27. Rbb2 Rxe3 28. Ra2 Kf8 29. Kf2 Nb8 30. g4 Ke7 31. f5 gxf5 32. gxf5 exf5 33. Kg2 Nd7 34. Bf1 Nf8 35. Rxa3 Rxa3 36. Bd3 Kf6 37. Bf1 Rb3 38. Ra2 Ne6 39. Ra7 Rxb4 40. Kf2 Rxd4 41. Ke3 Re4+ 42. Kd2 Nxc5 43. Rc7 Re6 44. Be2 b4 45. Rc8 Ne4+ 46. Kc2 c5 47. Bb5 c4 48. Rd8 Rd6 49. Rc8 b3+ 50. Kb2 f4 0-1


[Site "https://www.chess.com"]

[Event "Titled Tuesday Blitz August 10 2021"]
[White "Khanin, Semen"]
[Black "Mamedov, Rauf"]
[WhiteFideId "4111990"]
[BlackFideId "13401653"]
[WhiteElo "2521"]
[BlackElo "2657"]
[Result "1-0"]
[Round "06"]
[TimeControl "180+1"]
[Date "2021.08.10"]
[WhiteClock "0:01:03"]
[BlackClock "0:01:18"]

1. e4 c5 2. Nf3 d6 3. d4 cxd4 4. Nxd4 Nf6 5. Nc3 g6 6. Be2 Bg7 7. Be3 O-O 8. Qd2 Nc6 9. O-O-O d5 10. exd5 Nxd5 11. Nxc6 bxc6 12. Bd4 Bxd4 13. Qxd4 Qb6 14. Nxd5 cxd5 15. Qxb6 axb6 16. Rxd5 Rxa2 17. Kb1 Be6 18. Kxa2 Bxd5+ 19. Ka3 Bxg2 20. Rd1 Rc8 21. c4 Bc6 22. b4 Ra8+ 23. Kb2 Kf8 24. b5 Be8 25. Bf3 Rb8 26. Kb3 e6 27. Kb4 Ke7 28. Ra1 Kd6 29. Ra6 Ke5 30. Ra7 h5 31. Bc6 Bxc6 32. bxc6 Kd6 33. Kb5 e5 34. c7 Rc8 35. Kxb6 Kd7 36. c5 e4 37. c6+ Kd6 38. Ra1 Re8 39. Rd1+ Ke5 40. Rd8 1-0


[Site "https://www.chess.com"]

[Event "Titled Tuesday Blitz August 10 2021"]
[White "Khusnutdinov, Rustam"]
[Black "Assaubayeva, Bibisara"]
[WhiteFideId "13701703"]
[BlackFideId "13708694"]
[WhiteElo "2571"]
[BlackElo "2232"]
[Result "1-0"]
[Round "06"]
[TimeControl "180+1"]
[Date "2021.08.10"]
[WhiteClock "0:00:22"]
[BlackClock "0:00:03"]

1. d4 Nf6 2. c4 g6 3. Nc3 Bg7 4. e4 d6 5. Nge2 O-O 6. Ng3 c5 7. d5 e6 8. Be2 exd5 9. cxd5 a6 10. a4 Nbd7 11. O-O Qc7 12. Bg5 h6 13. Be3 c4 14. Qd2 Kh7 15. Rac1 Rb8 16. Ba7 Ra8 17. Bd4 Rb8 18. h3 b5 19. axb5 axb5 20. b4 Re8 21. Ra1 Ng8 22. Ra7 Qd8 23. Rfa1 Bxd4 24. Qxd4 Qf6 25. Qxf6 Ngxf6 26. R1a5 h5 27. f3 h4 28. Nf1 Ne5 29. Nxb5 Rb6 30. Ne3 Bd7 31. Bxc4 Reb8 32. Nxd6 Rxd6 33. f4 Nxc4 34. Nxc4 Rbb6 35. Nxd6 Rxd6 36. e5 Rxd5 37. exf6 Rd1+ 38. Kf2 Be6 39. R5a6 Rd2+ 40. Ke3 1-0


[Site "https://www.chess.com"]

[Event "Titled Tuesday Blitz August 10 2021"]
[White "Klimkowski, Jan"]
[Black "Shimanov, Aleksandr"]
[WhiteFideId "21856222"]
[BlackFideId "4198603"]
[WhiteElo "1945"]
[BlackElo "2596"]
[Result "0-1"]
[Round "06"]
[TimeControl "180+1"]
[Date "2021.08.10"]
[WhiteClock "0:00:11"]
[BlackClock "0:00:09"]

1. e4 c6 2. d4 d5 3. f3 g6 4. Nc3 Bg7 5. Be3 Qb6 6. Rb1 dxe4 7. fxe4 e5 8. Nf3 exd4 9. Nxd4 Qb4 10. a3 Qe7 11. Bc4 Nd7 12. O-O Ne5 13. Bb3 Nf6 14. Bg5 h6 15. Bh4 O-O 16. Qe2 Bg4 17. Qf2 g5 18. Bg3 Nh5 19. Kh1 Rad8 20. Rbe1 Nxg3+ 21. hxg3 Qc5 22. Nf5 Qxf2 23. Rxf2 Rfe8 24. Ref1 Bxf5 25. Rxf5 Re7 26. Nd1 Rd2 27. Ne3 b5 28. R5f2 Rxf2 29. Rxf2 Rd7 30. Kg1 a5 31. a4 bxa4 32. Bxa4 Rd4 33. Bb3 a4 34. Ba2 Rxe4 35. Nf5 Bf8 36. Kf1 Rb4 37. c3 Rb7 38. Rd2 Rd7 39. Rxd7 Nxd7 40. Ke2 Nc5 41. Nd4 g4 42. Bb1 h5 43. Nxc6 Bd6 44. Kf2 Kg7 45. Bc2 Kf6 46. Nb4 Kg5 47. Nd5 f5 48. Nb6 Ne4+ 49. Bxe4 Bc5+ 50. Ke2 Bxb6 51. Bc6 Bc7 52. Kf2 Bb6+ 53. Ke2 Bc7 54. Bxa4 Bxg3 55. Bc6 Be5 56. Kd3 Kf4 57. b4 Kg3 58. c4 f4 59. Ke2 Bc3 60. b5 Bd4 61. Bd5 Bc5 62. Bc6 h4 63. Bd5 Bb6 64. Bc6 Ba7 65. Bd5 Bc5 66. Bc6 h3 67. gxh3 f3+ 68. Kf1 gxh3 69. b6 h2 0-1


[Site "https://www.chess.com"]

[Event "Titled Tuesday Blitz August 10 2021"]
[White "Lagno, Kateryna"]
[Black "Le, Tuan Minh"]
[WhiteFideId "14109336"]
[BlackFideId "12401153"]
[WhiteElo "2608"]
[BlackElo "2450"]
[Result "0-1"]
[Round "06"]
[TimeControl "180+1"]
[Date "2021.08.10"]
[WhiteClock "0:00:02"]
[BlackClock "0:00:13"]

1. e4 c5 2. Nf3 Nf6 3. e5 Nd5 4. Nc3 e6 5. Ne4 f5 6. exf6 Nxf6 7. d3 d5 8. Nxf6+ Qxf6 9. d4 cxd4 10. Nxd4 Nc6 11. Be3 Bd6 12. Be2 O-O 13. O-O Be5 14. c3 Bd7 15. f4 Bd6 16. Bd3 Rae8 17. Qd2 e5 18. Nb5 Bb8 19. Bc5 Rf7 20. fxe5 Qxe5 21. g3 Rxf1+ 22. Rxf1 Bh3 23. Rd1 Qf6 24. Bf1 Bg4 25. Re1 Ne5 26. Nd4 Bf5 27. Bg2 Be4 28. Rf1 Qg6 29. Nf3 Nc4 30. Qg5 Qxg5 31. Nxg5 Bxg2 32. Kxg2 h6 33. Nf3 Nxb2 34. Bd4 Nc4 35. Kf2 b5 36. Rd1 a6 37. Bc5 Rd8 38. Nd4 Rc8 39. Nb3 Be5 40. Rxd5 Bxc3 41. Rd7 Ne5 42. Rd5 a5 43. Bd4 Bxd4+ 44. Nxd4 Ng4+ 45. Kf3 Nxh2+ 46. Kf4 Rc4 47. Ke4 Ra4 48. Rxb5 Rxa2 49. Rb7 Ng4 50. Nf5 Nf6+ 51. Kf3 Ra3+ 52. Kf4 Ra4+ 53. Kf3 Rg4 54. Ra7 a4 55. Ne7+ Kh7 56. Nd5 Rg6 57. Nb6 Nh5 58. Nxa4 Rxg3+ 59. Kf2 Ra3 0-1


[Site "https://www.chess.com"]

[Event "Titled Tuesday Blitz August 10 2021"]
[White "Lashkin, Jegor"]
[Black "Quparadze, Giga"]
[WhiteFideId "13907808"]
[BlackFideId "13602250"]
[WhiteElo "2293"]
[BlackElo "2658"]
[Result "0-1"]
[Round "06"]
[TimeControl "180+1"]
[Date "2021.08.10"]
[WhiteClock "0:00:13"]
[BlackClock "0:01:37"]

1. d4 Nf6 2. c4 e6 3. Nf3 b6 4. g3 Ba6 5. b3 c6 6. Bg2 d5 7. O-O dxc4 8. Ne5 Bb7 9. bxc4 Be7 10. Bb2 O-O 11. Nd2 Qc8 12. Qa4 c5 13. Bxb7 Qxb7 14. Nb3 cxd4 15. Nxd4 Rc8 16. Rfd1 Na6 17. Nb5 Nc5 18. Qc2 Qe4 19. Rac1 Qxc2 20. Rxc2 a6 21. Nd4 Bf8 22. f3 Rc7 23. Ba1 Rac8 24. Rb1 Ncd7 25. Nxd7 Nxd7 26. Rd2 Ne5 27. Nxe6 Nxc4 28. Nxc7 Nxd2 29. Rc1 Bc5+ 30. Kg2 Rxc7 31. Rc2 Rd7 32. Bb2 h6 33. Bc1 0-1


[Site "https://www.chess.com"]

[Event "Titled Tuesday Blitz August 10 2021"]
[White "Leitao, Rafael"]
[Black "Oparin, Grigoriy"]
[WhiteFideId "2101246"]
[BlackFideId "24125890"]
[WhiteElo "2609"]
[BlackElo "2628"]
[Result "0-1"]
[Round "06"]
[TimeControl "180+1"]
[Date "2021.08.10"]
[WhiteClock "0:00:38"]
[BlackClock "0:01:49"]

1. c4 Nf6 2. Nc3 e6 3. e4 d5 4. e5 d4 5. exf6 dxc3 6. bxc3 Qxf6 7. Nf3 b6 8. d4 Bb7 9. Bd3 h6 10. O-O Bxf3 11. Qxf3 Qxf3 12. gxf3 Nd7 13. a4 Bd6 14. a5 Ke7 15. Be4 Rad8 16. axb6 axb6 17. Re1 g5 18. Ra7 Kf6 19. Bb2 Rhg8 20. h3 h5 21. Kg2 Bf4 22. Rea1 Ke7 23. Rb7 f5 24. Bc6 Nb8 25. Bb5 Kf6 26. Raa7 Kg6 27. Rxc7 Bxc7 28. Rxc7 Rg7 29. Rxg7+ Kxg7 30. Ba3 Kf7 31. c5 bxc5 32. Bxc5 Nd7 33. Bb4 Nf6 34. Bc5 Nd5 35. c4 Nf4+ 36. Kf1 Nxh3 37. d5 exd5 38. cxd5 Nf4 39. d6 h4 40. Bc4+ Kf6 41. Bd4+ Kg6 42. Be5 Rc8 43. d7 Rxc4 44. Ke1 Ne6 0-1


[Site "https://www.chess.com"]

[Event "Titled Tuesday Blitz August 10 2021"]
[White "Maghsoodloo, Parham"]
[Black "Priasmoro, Novendra"]
[WhiteFideId "12539929"]
[BlackFideId "7105029"]
[WhiteElo "2601"]
[BlackElo "2309"]
[Result "1-0"]
[Round "06"]
[TimeControl "180+1"]
[Date "2021.08.10"]
[WhiteClock "0:00:25"]
[BlackClock "0:00:04"]

1. d4 Nf6 2. c4 g6 3. f3 Bg7 4. e4 d6 5. Ne2 O-O 6. Be3 c5 7. Qd2 cxd4 8. Nxd4 Nc6 9. Nc3 Bd7 10. Be2 a5 11. O-O Nxd4 12. Bxd4 Bc6 13. Kh1 Nd7 14. Rfd1 Bxd4 15. Qxd4 Qb6 16. Qd2 Nc5 17. Rab1 Rfc8 18. Qg5 f6 19. Qh6 Ne6 20. Nd5 Bxd5 21. exd5 Ng5 22. Qh4 Rc7 23. Re1 Nf7 24. f4 Qd4 25. Qg3 Qd2 26. Bd3 Kg7 27. Re2 Qb4 28. Rbe1 Re8 29. h4 Kh8 30. Qf3 Nh6 31. g4 b5 32. cxb5 g5 33. hxg5 fxg5 34. Re6 Rf8 35. Qh3 Rf6 36. Rf1 Qd4 37. Rxf6 Qxf6 38. Qh5 Ng8 39. Qxh7# 1-0


[Site "https://www.chess.com"]

[Event "Titled Tuesday Blitz August 10 2021"]
[White "Makhnev, Denis"]
[Black "Ozen, Bahadir"]
[WhiteFideId "13707647"]
[BlackFideId "6337058"]
[WhiteElo "2537"]
[BlackElo "2503"]
[Result "0-1"]
[Round "06"]
[TimeControl "180+1"]
[Date "2021.08.10"]
[WhiteClock "0:00:18"]
[BlackClock "0:00:32"]

1. d4 Nf6 2. c4 e6 3. Nf3 d5 4. g3 Bb4+ 5. Bd2 Be7 6. Bg2 O-O 7. O-O c6 8. Qc2 b6 9. Bf4 Nbd7 10. cxd5 cxd5 11. Ne5 Bb7 12. Nc6 Bxc6 13. Qxc6 Qc8 14. Qb5 a6 15. Qd3 Qb7 16. Nd2 Rac8 17. Bf3 b5 18. Nb3 Qb6 19. Rfc1 Rc4 20. Bd2 Rfc8 21. e3 Bd6 22. Bg2 h6 23. a3 Be7 24. Rd1 Bd6 25. Bc3 Be7 26. Nd2 R4c7 27. Bf3 Bd6 28. h4 e5 29. Bg2 e4 30. Qe2 h5 31. Bh3 g6 32. Nb3 Qa7 33. Qd2 Rc4 34. Rac1 Kg7 35. Bf1 R4c6 36. Ba5 Qb8 37. Kg2 Ng4 38. Rxc6 Rxc6 39. Rc1 Rxc1 40. Nxc1 Ndf6 41. Ne2 Bc7 42. Bb4 Bd6 43. Bc5 Bc7 44. b4 Qc8 45. Kg1 Qf5 46. Nf4 Bxf4 47. exf4 e3 48. fxe3 Qb1 49. Qd3 Qe1 50. Qe2 Qxg3+ 51. Kh1 Qxh4+ 52. Kg1 Qg3+ 53. Kh1 Nf2+ 0-1


[Site "https://www.chess.com"]

[Event "Titled Tuesday Blitz August 10 2021"]
[White "Materia, Marco"]
[Black "Indjic, Aleksandar"]
[WhiteFideId "45150451"]
[BlackFideId "911925"]
[WhiteElo "2676"]
[BlackElo "2643"]
[Result "1-0"]
[Round "06"]
[TimeControl "180+1"]
[Date "2021.08.10"]
[WhiteClock "0:00:16"]
[BlackClock "0:00:02"]

1. d4 Nf6 2. c4 c5 3. d5 e6 4. Nc3 exd5 5. cxd5 d6 6. e4 g6 7. Nf3 a6 8. a4 Bg4 9. Be2 Bxf3 10. Bxf3 Nbd7 11. O-O Bg7 12. Re1 O-O 13. Be2 Re8 14. Bf1 Rc8 15. Bg5 c4 16. Qc2 Qa5 17. Kh1 Ng4 18. h3 Nge5 19. f4 Nd3 20. Bxd3 cxd3 21. Qxd3 Qb4 22. Rab1 Nc5 23. Qf3 Nxa4 24. Nxa4 Qxa4 25. f5 Be5 26. Rf1 Rc7 27. Rbc1 Rxc1 28. Bxc1 Qd7 29. f6 Rc8 30. Bg5 Qd8 31. Qf2 Rc4 32. Qh4 h5 33. Bh6 Qb6 34. Qg5 Bd4 35. Re1 Qxb2 36. Bg7 Qf2 37. Rc1 Be3 38. Qxe3 Qxe3 39. Rxc4 Kh7 40. Rc8 Qe1+ 41. Kh2 g5 42. Rh8+ 1-0


[Site "https://www.chess.com"]

[Event "Titled Tuesday Blitz August 10 2021"]
[White "Mikhailovsky, Vladimir"]
[Black "Sychev, Klementy"]
[WhiteFideId "34105414"]
[BlackFideId "4114060"]
[WhiteElo "2315"]
[BlackElo "2615"]
[Result "0-1"]
[Round "06"]
[TimeControl "180+1"]
[Date "2021.08.10"]
[WhiteClock "0:00:03"]
[BlackClock "0:00:44"]

1. Nf3 d5 2. e3 Nf6 3. c4 c6 4. Nc3 e6 5. b3 Bd6 6. Bb2 O-O 7. d4 Nbd7 8. Bd3 e5 9. dxe5 Nxe5 10. Nxe5 Bxe5 11. Qc2 Re8 12. O-O-O Bg4 13. f3 Be6 14. g4 Qb6 15. Rhe1 dxc4 16. bxc4 h6 17. h4 Bg3 18. Na4 Qb4 19. Rh1 b5 20. Nc3 bxc4 21. Bf5 Bxf5 22. gxf5 Rxe3 23. Rdg1 Bf4 24. Kb1 Rb8 25. Nd1 c3 26. a3 Qxa3 0-1


[Site "https://www.chess.com"]

[Event "Titled Tuesday Blitz August 10 2021"]
[White "Nagy, Gabor"]
[Black "Quintiliano Pinto, Renato R."]
[WhiteFideId "737119"]
[BlackFideId "2117568"]
[WhiteElo "2562"]
[BlackElo "2439"]
[Result "1/2-1/2"]
[Round "06"]
[TimeControl "180+1"]
[Date "2021.08.10"]
[WhiteClock "0:01:59"]
[BlackClock "0:00:57"]

1. c4 e6 2. g3 Nf6 3. Bg2 d5 4. d4 Be7 5. Nf3 O-O 6. Qc2 c5 7. O-O Nc6 8. dxc5 d4 9. a3 a5 10. Bg5 Nd7 11. Bxe7 Qxe7 12. Nbd2 Nxc5 13. b4 axb4 14. axb4 Rxa1 15. Rxa1 Nxb4 16. Qb2 Nc6 17. Nxd4 Nxd4 18. Qxd4 Rd8 19. Qc3 Rxd2 20. Qxd2 Nb3 21. Ra8 Nxd2 22. Rxc8+ Qf8 23. Rxf8+ Kxf8 24. c5 Nb3 25. Bxb7 Nxc5 26. Bf3 1/2-1/2


[Site "https://www.chess.com"]

[Event "Titled Tuesday Blitz August 10 2021"]
[White "Peralta, Eduardo"]
[Black "Urazayev, Arystanbek"]
[WhiteFideId "3700062"]
[BlackFideId "13709810"]
[WhiteElo "2205"]
[BlackElo "2321"]
[Result "0-1"]
[Round "06"]
[TimeControl "180+1"]
[Date "2021.08.10"]
[WhiteClock "0:00:02"]
[BlackClock "0:00:08"]

1. d4 d5 2. Nf3 e6 3. c4 Nf6 4. Nc3 Bb4 5. e3 O-O 6. Bd3 c5 7. O-O Nc6 8. a3 Bxc3 9. bxc3 dxc4 10. Bxc4 b6 11. Qe2 Na5 12. Bd3 Bb7 13. e4 cxd4 14. cxd4 Nb3 15. e5 Nxa1 16. exf6 Qxf6 17. Bg5 Bxf3 18. Qe3 Qxg5 19. Qxg5 Nb3 20. gxf3 g6 21. Qf6 Rad8 22. h4 Rd5 23. Be4 Rh5 24. Rb1 Nd2 25. Rd1 Nc4 26. Rc1 b5 27. a4 a6 28. axb5 axb5 29. Rb1 Nd6 30. Ra1 Nf5 31. d5 exd5 32. Bxd5 Nh6 33. Be4 Nf5 34. Ra7 Nh6 35. Rb7 Re8 36. Bd5 Rxd5 37. Qc6 Red8 38. Rxb5 Rxb5 39. Qxb5 Nf5 40. h5 Rf8 41. Qe5 Rd8 42. Qf6 Rf8 43. Kh2 Ng7 44. h6 Nf5 45. f4 Nxh6 46. Qg5 Nf5 47. Qf6 Re8 48. Qc6 Re6 49. Qc8+ Kg7 50. Qc3+ f6 51. Qc7+ Re7 52. Qc3 h5 53. Kg1 Rf7 54. Kh2 Nh6 55. Kg1 Re7 56. Kh2 Nf7 57. Kg1 Nd6 58. Qc5 Re1+ 59. Kg2 Nf7 60. Qb4 Re8 61. f5 g5 62. Qb5 Re5 63. Qd7 Re4 64. f3 Rf4 65. Kg3 h4+ 66. Kg2 Kg8 67. Qc8+ Kg7 68. Qd7 Rb4 69. Kh3 Rb2 70. Kg4 Rg2+ 71. Kh5 h3 72. Qd1 h2 73. Qh1 Rf2 74. Kg4 Ne5+ 75. Kg3 Rxf3+ 76. Kg2 Ra3 77. Kxh2 Ng4+ 78. Kg2 Ne3+ 79. Kf3 Nxf5+ 80. Kf2 Kg6 81. Qc6 Ra2+ 82. Ke1 Ra1+ 83. Kd2 Ra2+ 84. Kc1 Re2 85. Kb1 Re5 86. Qa8 g4 87. Qg8+ Ng7 88. Qh8 g3 89. Qh3 Rg5 90. Qg2 Nf5 91. Kc2 Nh4 92. Qe4+ Kh5 93. Qe2+ Rg4 94. Qe8+ Ng6 95. Qe3 g2 96. Qh3+ Nh4 97. Qe3 g1=Q 98. Qxg1 Rxg1 0-1


[Site "https://www.chess.com"]

[Event "Titled Tuesday Blitz August 10 2021"]
[White "Quispe Arteaga, Gabriel"]
[Black "Nakamura, Hikaru"]
[WhiteFideId "32059809"]
[BlackFideId "2016192"]
[WhiteElo "2172"]
[BlackElo "2900"]
[Result "0-1"]
[Round "06"]
[TimeControl "180+1"]
[Date "2021.08.10"]
[WhiteClock "0:00:04"]
[BlackClock "0:00:48"]

1. c4 e5 2. e3 Nf6 3. Nc3 d5 4. cxd5 Nxd5 5. Nf3 Nc6 6. Bb5 Nb4 7. O-O a6 8. Bxc6+ Nxc6 9. d4 exd4 10. exd4 Be7 11. d5 Nb8 12. Bf4 O-O 13. Rc1 Bd6 14. Bxd6 cxd6 15. Ne4 Bf5 16. Qd4 Bxe4 17. Qxe4 Nd7 18. Rfd1 Re8 19. Qf5 g6 20. Qf4 Nc5 21. b4 Re4 22. Qh6 Rxb4 23. Ng5 Qf6 24. Qxh7+ Kf8 25. Qh6+ Qg7 26. Qh3 Kg8 27. Qf3 Rf8 28. g3 Rd4 29. h4 b5 30. Rxd4 Qxd4 31. Rd1 Qe5 32. Kf1 a5 33. Re1 Qd4 34. Re7 Qd3+ 35. Qxd3 Nxd3 36. Ne4 Rd8 37. Rb7 b4 38. Rb6 a4 39. Nxd6 b3 40. axb3 a3 41. Nc4 Ra8 42. Nxa3 Rxa3 43. d6 Ne5 44. Rb5 Nd7 45. Rb7 Nf6 46. d7 Ra8 47. b4 Rd8 48. b5 Nxd7 49. b6 Kf8 50. Kg2 Ke7 51. Ra7 Rb8 52. b7 Nc5 53. Ra5 Kd6 54. Ra6+ Nxa6 0-1


[Site "https://www.chess.com"]

[Event "Titled Tuesday Blitz August 10 2021"]
[White "Shyaamnikhil P"]
[Black "Jobava, Baadur"]
[WhiteFideId "5024218"]
[BlackFideId "13601520"]
[WhiteElo "2300"]
[BlackElo "2748"]
[Result "0-1"]
[Round "06"]
[TimeControl "180+1"]
[Date "2021.08.10"]
[WhiteClock "0:00:16"]
[BlackClock "0:01:03"]

1. e4 c6 2. d4 d5 3. exd5 cxd5 4. Nf3 Nc6 5. c4 e6 6. Nc3 Nf6 7. a3 Be7 8. Be2 dxc4 9. Bxc4 O-O 10. O-O b6 11. Be3 Bb7 12. Qe2 Rc8 13. Rfd1 Na5 14. Ba2 Nd5 15. Bd2 h6 16. Ne5 Bf6 17. Ne4 Nc6 18. Bxd5 Nxd4 19. Qg4 Bxd5 20. Nxf6+ Qxf6 21. Qxd4 Rc4 22. Qxc4 Bxc4 23. Nxc4 Rc8 24. Bc3 Qe7 25. Nd6 Rd8 26. Ne4 e5 27. Rxd8+ Qxd8 28. Ng3 f6 29. h4 g6 30. h5 gxh5 31. Nxh5 Kf7 32. Ng3 Kg6 33. Re1 h5 34. Re2 Qd1+ 35. Re1 Qd5 36. Nf1 h4 37. Ne3 Qe4 38. f3 Qd3 39. Kf2 Kg5 40. Rd1 Qb5 41. Rd5 Qc6 42. Rd8 Qe6 43. Rh8 a5 44. Ng4 Qb3 45. Rh6 f5 46. Bd2+ f4 47. Bc3 Qc2+ 48. Kg1 h3 49. Nf2 Kxh6 0-1


[Site "https://www.chess.com"]